| TOP OF THE 1ST |
|
Johnson City Cardinals batting - Pitching for Bristol Pirates : LHP Alfredo Carranza
|
|
Pitching: LHP Alfredo Carranza
|
|
|
Batting: RHB Nick Latulippe
|
0-0: Ball 1-0: Ball 2-0: Swinging Strike 2-1: Foul Ball, location: 2F 2-2: Ball 3-2: Base on Balls
|
|
Batting: LHB Ken Compton
|
0-0: Called Strike 0-1: Ball 1-1: Fielders Choice at 2nd, 5-4 (Groundball, 56, EV 83.8 MPH)
|
|
Batting: RHB Herbert Loveless
|
0-0: Called Strike 0-1: Fielders Choice at 2nd, 5-4 (Groundball, 5, EV 81.9 MPH)
|
|
Batting: RHB Geoff Musico
|
0-0: Foul Ball, location: 2F 0-1: Fly out, F8 (Flyball, 8RXD, EV 76.9 MPH)
|
| Top of the 1st over - 0 runs, 0 hits, 0 errors, 1 left on base; Johnson City 0 - Bristol 0 |
| BOTTOM OF THE 1ST |
|
Bristol Pirates batting - Pitching for Johnson City Cardinals : RHP Emmanuel Godfrey
|
|
Pitching: RHP Emmanuel Godfrey
|
|
|
Batting: SHB Don Hauk
|
0-0: Called Strike 0-1: Ball 1-1: Swinging Strike 1-2: Strikes out swinging
|
|
Batting: RHB Pete Hutton
|
0-0: Called Strike 0-1: Swinging Strike 0-2: Ball 1-2: Ball 2-2: Ground out 6-3 (Groundball, 6, EV 109.4 MPH)
|
|
Batting: LHB Randy Boone
|
0-0: Ball 1-0: Ground out 5-3 (Groundball, 5, EV 90.0 MPH)
|
| Bottom of the 1st over - 0 runs, 0 hits, 0 errors, 0 left on base; Johnson City 0 - Bristol 0 |
| TOP OF THE 2ND |
|
Johnson City Cardinals batting - Pitching for Bristol Pirates : LHP Alfredo Carranza
|
|
Batting: SHB Justin Towry
|
0-0: Ball 1-0: Ball 2-0: Foul Ball, location: 2F 2-1: Ball 3-1: Swinging Strike 3-2: Strikes out looking
|
|
Batting: RHB Bobby Miles
|
0-0: Called Strike 0-1: Foul Ball, location: 2F 0-2: Foul Ball, location: 2F 0-2: Ball 1-2: Foul Ball, location: 2F 1-2: Strikes out swinging
|
|
Batting: LHB Ken Morehead
|
0-0: Foul Ball, location: 2F 0-1: Ball 1-1: Foul Ball, location: 2F 1-2: Ground out 5-3 (Groundball, 5, EV 83.8 MPH)
|
| Top of the 2nd over - 0 runs, 0 hits, 0 errors, 0 left on base; Johnson City 0 - Bristol 0 |
| BOTTOM OF THE 2ND |
|
Bristol Pirates batting - Pitching for Johnson City Cardinals : RHP Emmanuel Godfrey
|
|
Batting: RHB Randy Bergman
|
0-0: Swinging Strike 0-1: Ball 1-1: Swinging Strike 1-2: Foul Ball, location: 2F 1-2: Foul Ball, location: 2F 1-2: Ball 2-2: Ball 3-2: Strikes out swinging
|
|
Batting: RHB Alain Marquet
|
0-0: SOLO HOME RUN (Flyball, 78XD, EV 103.8 MPH), Distance : 408 ft
|
|
Batting: RHB Steve Terres
|
0-0: Called Strike 0-1: Ground out 6-3 (Groundball, 6, EV 99.4 MPH)
|
|
Batting: RHB Frank Elizondo
|
0-0: Called Strike 0-1: Ball 1-1: Swinging Strike 1-2: Ball 2-2: Ball 3-2: Foul Ball, location: 2F 3-2: Ground out 6-3 (Groundball, 6, EV 79.4 MPH)
|
| Bottom of the 2nd over - 1 run, 1 hit, 0 errors, 0 left on base; Johnson City 0 - Bristol 1 |
| TOP OF THE 3RD |
|
Johnson City Cardinals batting - Pitching for Bristol Pirates : LHP Alfredo Carranza
|
|
Batting: RHB Sam Daw
|
0-0: Called Strike 0-1: Called Strike 0-2: Foul Ball, location: 2F 0-2: Ball 1-2: Ball 2-2: Strikes out swinging
|
|
Batting: RHB Diego Herrera
|
0-0: Ball 1-0: Ball 2-0: Foul Ball, location: 2F 2-1: Foul Ball, location: 2F 2-2: Strikes out swinging
|
|
Batting: RHB Nick Latulippe
|
0-0: Foul Ball, location: 2F 0-1: Foul Ball, location: 2F 0-2: Strikes out looking
|
| Top of the 3rd over - 0 runs, 0 hits, 0 errors, 0 left on base; Johnson City 0 - Bristol 1 |
| BOTTOM OF THE 3RD |
|
Bristol Pirates batting - Pitching for Johnson City Cardinals : RHP Emmanuel Godfrey
|
|
Batting: RHB Rob Colley
|
0-0: Called Strike 0-1: Ball 1-1: Swinging Strike 1-2: Foul Ball, location: 2F 1-2: Strikes out looking
|
|
Batting: RHB Erik Mulligan
|
0-0: Ball 1-0: Ball 2-0: Swinging Strike 2-1: Ball 3-1: Base on Balls
|
|
Batting: SHB Don Hauk
|
0-0: Foul Ball, location: 2F 0-1: Ball 1-1: Swinging Strike 1-2: Strikes out swinging
|
|
Batting: RHB Pete Hutton
|
0-0: Called Strike 0-1: Swinging Strike 0-2: Ball 1-2: Ground out 5-3 (Groundball, 5S, EV 62.5 MPH)
|
| Bottom of the 3rd over - 0 runs, 0 hits, 0 errors, 1 left on base; Johnson City 0 - Bristol 1 |
| TOP OF THE 4TH |
|
Johnson City Cardinals batting - Pitching for Bristol Pirates : LHP Alfredo Carranza
|
|
Batting: LHB Ken Compton
|
0-0: Ball 1-0: SINGLE (Groundball, 25, EV 66.9 MPH) (infield hit)
|
|
Batting: RHB Herbert Loveless
|
0-0: Ball 1-0: DOUBLE (Line Drive, 89M, EV 86.9 MPH) Ken Compton to third
|
|
Batting: RHB Geoff Musico
|
0-0: Called Strike 0-1: Swinging Strike 0-2: Foul Ball, location: 2F 0-2: Strikes out swinging
|
|
Batting: SHB Justin Towry
|
0-0: Swinging Strike 0-1: Foul Ball, location: 2F 0-2: Ball 1-2: Strikes out swinging
|
|
Batting: RHB Bobby Miles
|
0-0: Ball 1-0: Swinging Strike 1-1: Ball 2-1: Ball 3-1: Foul Ball, location: 2F 3-2: Strikes out swinging
|
| Top of the 4th over - 0 runs, 2 hits, 0 errors, 2 left on base; Johnson City 0 - Bristol 1 |
| BOTTOM OF THE 4TH |
|
Bristol Pirates batting - Pitching for Johnson City Cardinals : RHP Emmanuel Godfrey
|
|
Batting: LHB Randy Boone
|
0-0: Ball 1-0: Ball 2-0: Called Strike 2-1: Foul Ball, location: 2F 2-2: Ball 3-2: Strikes out looking
|
|
Batting: RHB Randy Bergman
|
0-0: Called Strike 0-1: Ball 1-1: Ball 2-1: Foul Ball, location: 2F 2-2: SINGLE (Groundball, 5S, EV 67.5 MPH) (infield hit)
|
|
Batting: RHB Alain Marquet
|
0-0: Foul Ball, location: 2F 0-1: Ball 1-1: Called Strike 1-2: Fly out, F9 (Line Drive, 9S, EV 94.4 MPH)
|
|
Batting: RHB Steve Terres
|
0-0: Ball 1-0: Ball 2-0: Foul Ball, location: 2F 2-1: Fielders Choice at 2nd, 4-6 (Groundball, 4MD, EV 104.4 MPH)
|
| Bottom of the 4th over - 0 runs, 1 hit, 0 errors, 1 left on base; Johnson City 0 - Bristol 1 |
| TOP OF THE 5TH |
|
Johnson City Cardinals batting - Pitching for Bristol Pirates : LHP Alfredo Carranza
|
|
Batting: LHB Ken Morehead
|
0-0: Called Strike 0-1: Called Strike 0-2: Ground out U3 (Groundball, 3, EV 83.1 MPH)
|
|
Batting: RHB Sam Daw
|
0-0: Ball 1-0: Ball 2-0: Fly out, F8 (Flyball, 8RM, EV 84.4 MPH)
|
|
Batting: RHB Diego Herrera
|
0-0: Ball 1-0: Called Strike 1-1: Foul Ball, location: 2F 1-2: Strikes out swinging
|
| Top of the 5th over - 0 runs, 0 hits, 0 errors, 0 left on base; Johnson City 0 - Bristol 1 |
| BOTTOM OF THE 5TH |
|
Bristol Pirates batting - Pitching for Johnson City Cardinals : RHP Emmanuel Godfrey
|
|
Batting: RHB Frank Elizondo
|
0-0: Ball 1-0: Fly out, F7 (Line Drive, 7S, EV 93.8 MPH)
|
|
Batting: RHB Rob Colley
|
0-0: Ball 1-0: Swinging Strike 1-1: Foul Ball, location: 2F 1-2: Strikes out looking
|
|
Batting: RHB Erik Mulligan
|
0-0: Ball 1-0: Ball 2-0: Called Strike 2-1: Ball 3-1: Base on Balls
|
|
Batting: SHB Don Hauk
|
0-0: Ball 1-0: Ball 2-0: Foul Ball, location: 2F 2-1: Called Strike 2-2: Foul Ball, location: 2F 2-2: Strikes out swinging
|
| Bottom of the 5th over - 0 runs, 0 hits, 0 errors, 1 left on base; Johnson City 0 - Bristol 1 |
| TOP OF THE 6TH |
|
Johnson City Cardinals batting - Pitching for Bristol Pirates : LHP Alfredo Carranza
|
|
Batting: RHB Nick Latulippe
|
0-0: Foul Ball, location: 2F 0-1: Foul Ball, location: 2F 0-2: Ball 1-2: Ball 2-2: Fly out, F8 (Flyball, 8RXD, EV 95.6 MPH)
|
|
Batting: LHB Ken Compton
|
0-0: Foul Ball, location: 2F 0-1: Ball 1-1: Ball 2-1: Ball 3-1: Single, Error in OF, E8, batter to second base (Groundball, 4D, EV 100.0 MPH)
|
|
Batting: RHB Herbert Loveless
|
0-0: Swinging Strike 0-1: DOUBLE (Line Drive, 7LS, EV 115.0 MPH) Ken Compton scores
|
|
Batting: RHB Geoff Musico
|
0-0: Ball 1-0: Ground out 6-3 (Groundball, 6M, EV 83.8 MPH) Herbert Loveless to third
|
|
Batting: SHB Justin Towry
|
0-0: Ball 1-0: Called Strike 1-1: Ball 2-1: Ball 3-1: Base on Balls
|
|
Batting: RHB Bobby Miles
|
0-0: Called Strike 0-1: Swinging Strike 0-2: Ball 1-2: SINGLE (Groundball, 5S, EV 70.6 MPH) (infield hit) Herbert Loveless scores Justin Towry to second
|
|
Batting: LHB Ken Morehead
|
0-0: Called Strike 0-1: Ball 1-1: Ball 2-1: Foul Ball, location: 2F 2-2: Ball 3-2: Ground out U3 (Groundball, 34, EV 81.9 MPH)
|
| Top of the 6th over - 2 runs, 3 hits, 1 error, 2 left on base; Johnson City 2 - Bristol 1 |
| BOTTOM OF THE 6TH |
|
Bristol Pirates batting - Pitching for Johnson City Cardinals : RHP Emmanuel Godfrey
|
|
Pitching: LHP Andy Fitzsimmons
|
|
|
Batting: RHB Pete Hutton
|
0-0: Ball 1-0: Swinging Strike 1-1: Ball 2-1: DOUBLE (Line Drive, 89XD, EV 108.8 MPH)
|
|
Batting: LHB Randy Boone
|
0-0: Ball 1-0: Ball 2-0: Called Strike 2-1: SINGLE (Groundball, 6MS, EV 72.5 MPH) (infield hit) Pete Hutton to third
|
|
Batting: RHB Randy Bergman
|
0-0: Called Strike 0-1: Ball 1-1: Called Strike 1-2: Strikes out swinging
|
|
Batting: RHB Alain Marquet
|
0-0: SINGLE (Groundball, 56D, EV 95.0 MPH) Pete Hutton scores Randy Boone to second
|
|
Batting: RHB Steve Terres
|
0-0: Ball 1-0: Ball 2-0: DOUBLE (Line Drive, 89D, EV 100.6 MPH) Randy Boone scores Alain Marquet to third Runner from 3rd tries for Home, SAFE, no throw by RF
|
|
Batting: RHB Frank Elizondo
|
0-0: Intentional Walk
|
|
Batting: RHB Rob Colley
|
0-0: Called Strike 0-1: Foul Ball, location: 2F 0-2: Strikes out swinging
|
|
Batting: RHB Erik Mulligan
|
0-0: Called Strike 0-1: Ball 1-1: Fly out, F9 (Flyball, 89M, EV 88.1 MPH)
|
| Bottom of the 6th over - 3 runs, 4 hits, 0 errors, 2 left on base; Johnson City 2 - Bristol 4 |
| TOP OF THE 7TH |
|
Johnson City Cardinals batting - Pitching for Bristol Pirates : LHP Alfredo Carranza
|
|
Batting: RHB Sam Daw
|
0-0: Ball 1-0: Called Strike 1-1: Ball 2-1: Swinging Strike 2-2: Foul Ball, location: 2F 2-2: Ball 3-2: Strikes out swinging
|
|
Pitching: RHP Onne Stubbe
|
|
|
Pinch Hitting: RHB Alex Melgoza
|
0-0: Ball 1-0: Fly out, F8 (Flyball, 8LXD, EV 81.9 MPH)
|
|
Batting: RHB Nick Latulippe
|
0-0: Foul Ball, location: 2F 0-1: Ball 1-1: Foul Ball, location: 2F 1-2: Ball 2-2: Ball 3-2: Base on Balls
|
|
Batting: LHB Ken Compton
|
0-0: Called Strike Nick Latulippe steals 2nd base 0-1: Foul Ball, location: 2F 0-2: Ball 1-2: Foul Ball, location: 2F 1-2: 2-RUN HOME RUN (Flyball, 9LD, EV 92.5 MPH), Distance : 332 ft
|
|
Batting: RHB Herbert Loveless
|
0-0: Ground out 4-3 (Groundball, 4, EV 86.2 MPH)
|
| Top of the 7th over - 2 runs, 1 hit, 0 errors, 0 left on base; Johnson City 4 - Bristol 4 |
| BOTTOM OF THE 7TH |
|
Bristol Pirates batting - Pitching for Johnson City Cardinals : LHP Andy Fitzsimmons
|
|
Now in LF: Ken Compton
|
|
|
Now in RF: Mike East
|
|
|
Batting: SHB Don Hauk
|
0-0: Called Strike 0-1: Called Strike 0-2: Strikes out swinging
|
|
Pitching: RHP Francisco Galindo
|
|
|
Batting: RHB Pete Hutton
|
0-0: SINGLE (Groundball, 4M, EV 98.8 MPH) (infield hit)
|
|
Batting: LHB Randy Boone
|
0-0: SINGLE (Groundball, 6S, EV 70.6 MPH) (infield hit) Pete Hutton to second
|
|
Batting: RHB Randy Bergman
|
0-0: Foul Ball, location: 2F 0-1: Foul Ball, location: 2F 0-2: Strikes out looking
|
|
Batting: RHB Alain Marquet
|
0-0: Called Strike 0-1: Ball 1-1: Ball Wild Pitch! Pete Hutton to third Randy Boone to second 2-1: Ball 3-1: Base on Balls
|
|
Batting: RHB Steve Terres
|
0-0: Ball 1-0: Ball Wild Pitch! Pete Hutton scores Randy Boone to third Alain Marquet to second 2-0: Ground out 5-3 (Groundball, 56S, EV 84.4 MPH)
|
| Bottom of the 7th over - 1 run, 2 hits, 0 errors, 2 left on base; Johnson City 4 - Bristol 5 |
| TOP OF THE 8TH |
|
Johnson City Cardinals batting - Pitching for Bristol Pirates : RHP Onne Stubbe
|
|
Batting: RHB Geoff Musico
|
0-0: Ball 1-0: Ball 2-0: Foul Ball, location: 2F 2-1: DOUBLE (Line Drive, 3D, EV 105.0 MPH)
|
|
Batting: SHB Justin Towry
|
0-0: Ball 1-0: Ball 2-0: Ball 3-0: Base on Balls
|
|
Batting: RHB Bobby Miles
|
0-0: Fielders Choice at 2nd, 6-4 (Groundball, 6, EV 90.6 MPH) Geoff Musico to third
|
|
Batting: LHB Ken Morehead
|
0-0: Ball 1-0: Ball 2-0: Ball 3-0: Called Strike 3-1: Base on Balls Bobby Miles to second
|
|
Batting: RHB Sam Daw
|
0-0: Called Strike 0-1: Grounds into fielders choice 6-2 (Groundball, 6, EV 84.4 MPH) Bobby Miles to third Ken Morehead to second
|
|
Batting: LHB Mike East
|
0-0: Swinging Strike 0-1: Ball 1-1: SINGLE (Groundball, 34D, EV 95.0 MPH) Bobby Miles scores Ken Morehead to third Sam Daw to second Runner from 3rd tries for Home, SAFE, throw by RF to home
|
|
Batting: RHB Nick Latulippe
|
0-0: Called Strike 0-1: SINGLE (Groundball, 6S, EV 75.6 MPH) (infield hit) Sam Daw to third Mike East to second
|
|
Batting: LHB Ken Compton
|
0-0: Ball 1-0: Foul Ball, location: 2F 1-1: Swinging Strike 1-2: GRAND SLAM HOME RUN (Flyball, 89XD, EV 99.4 MPH), Distance : 413 ft
|
|
Pitching: RHP Andrew DeRicco
|
|
|
Batting: RHB Herbert Loveless
|
0-0: Ball 1-0: Foul Ball, location: 2F 1-1: Ball 2-1: Foul Ball, location: 2F 2-2: Ball 3-2: SOLO HOME RUN (Flyball, 78XD, EV 115.0 MPH), Distance : 424 ft
|
|
Batting: RHB Geoff Musico
|
0-0: Foul Ball, location: 2F 0-1: Ball 1-1: Ball 2-1: Ball 3-1: SOLO HOME RUN (Line Drive, 7LD, EV 95.0 MPH), Distance : 377 ft
|
|
Batting: SHB Justin Towry
|
0-0: Ball 1-0: Ball 2-0: Ball 3-0: Called Strike 3-1: Base on Balls
|
|
Batting: RHB Bobby Miles
|
0-0: Fielders Choice at 2nd, 6-4 (Groundball, 56, EV 100.6 MPH)
|
| Top of the 8th over - 8 runs, 6 hits, 0 errors, 1 left on base; Johnson City 12 - Bristol 5 |
| BOTTOM OF THE 8TH |
|
Bristol Pirates batting - Pitching for Johnson City Cardinals : RHP Francisco Galindo
|
|
Batting: RHB Frank Elizondo
|
0-0: Called Strike 0-1: Called Strike 0-2: Strikes out swinging
|
|
Batting: RHB Rob Colley
|
0-0: Called Strike 0-1: Swinging Strike 0-2: Ball 1-2: Foul Ball, location: 2F 1-2: Strikes out looking
|
|
Pitching: RHP Jim Morse
|
|
|
Batting: RHB Erik Mulligan
|
0-0: Called Strike 0-1: Fly out, F7 (Flyball, 7, EV 83.8 MPH)
|
| Bottom of the 8th over - 0 runs, 0 hits, 0 errors, 0 left on base; Johnson City 12 - Bristol 5 |
| TOP OF THE 9TH |
|
Johnson City Cardinals batting - Pitching for Bristol Pirates : RHP Andrew DeRicco
|
|
Batting: LHB Ken Morehead
|
0-0: Ball 1-0: Foul Ball, location: 2F 1-1: Foul Ball, location: 2F 1-2: DOUBLE (Flyball, 8LXD, EV 94.4 MPH)
|
|
Batting: RHB Sam Daw
|
0-0: Called Strike 0-1: Swinging Strike 0-2: Strikes out swinging, 2-3 out at first.
|
|
Batting: LHB Mike East
|
0-0: Foul Ball, location: 2F 0-1: DOUBLE (Line Drive, 78M, EV 89.4 MPH) Ken Morehead scores
|
|
Batting: RHB Nick Latulippe
|
0-0: Ball 1-0: Ball Wild Pitch! Mike East to third 2-0: 2-RUN HOME RUN (Flyball, 78XD, EV 104.4 MPH), Distance : 426 ft
|
|
Pitching: LHP Adam Clarke
|
|
|
Batting: LHB Ken Compton
|
0-0: Ball 1-0: Called Strike 1-1: Foul Ball, location: 2F 1-2: Foul Ball, location: 2F 1-2: Ground out 6-3 (Groundball, 56, EV 100.0 MPH)
|
|
Batting: RHB Herbert Loveless
|
0-0: Called Strike 0-1: Ball 1-1: Foul Ball, location: 2F 1-2: Ground out 6-3 (Groundball, 6, EV 96.2 MPH)
|
| Top of the 9th over - 3 runs, 3 hits, 0 errors, 0 left on base; Johnson City 15 - Bristol 5 |
| BOTTOM OF THE 9TH |
|
Bristol Pirates batting - Pitching for Johnson City Cardinals : RHP Jim Morse
|
|
Batting: SHB Don Hauk
|
0-0: Ball 1-0: Swinging Strike 1-1: Ground out 3-1 (Groundball, 34, EV 85.0 MPH)
|
|
Batting: RHB Pete Hutton
|
0-0: Swinging Strike 0-1: Ball 1-1: Swinging Strike 1-2: Strikes out swinging
|
|
Batting: LHB Randy Boone
|
0-0: Ball 1-0: Foul Ball, location: 2F 1-1: SINGLE (Groundball, 4D, EV 96.2 MPH)
|
|
Batting: RHB Randy Bergman
|
0-0: Ball 1-0: Called Strike 1-1: Called Strike 1-2: Fly out, F7 (Flyball, 7LD, EV 102.5 MPH)
|
| Bottom of the 9th over - 0 runs, 1 hit, 0 errors, 1 left on base; Johnson City 15 - Bristol 5 |
|